 Dungeon Crawl Stone Soup version 0.17.1-2-g5865329 (webtiles) character file.

705 Jerry the Sneak (level 7, -2/46 HPs)
             Began as an Octopode Wanderer on Jan 29, 2016.
             Slain by topkek's ghost (12 damage)
             ... on level 5 of the Dungeon.
             The game lasted 00:23:50 (4849 turns).

Jerry the Sneak (Octopode Wanderer)                 Turns: 4849, Time: 00:23:50

Health: -2/46      AC:  6    Str: 11    XL:     7   Next: 67%
Magic:  10/10      EV: 12    Int: 17    God:
Gold:   228        SH:  0    Dex:  9    Spells: 0 memorised, 10 levels left

rFire  . . .     SeeInvis .     w - +2 short sword (protect)
rCold  . . .     Clarity  +     (no shield)
rNeg   . . .     SustAt   .     (helmet restricted)
rPois  .         Gourm    .     x - amulet of clarity
rElec  .         Spirit   .     j - ring of wizardry
rCorr  .         Warding  .     n - ring of wizardry
rMut   .         Stasis   .     y - -2 ring of dexterity (curse)
MR     .....                    (no ring)
Stlth  ++++......               (no ring)
                                (no ring)
                                (no ring)
                                (no ring)

@: not resistant to hostile enchantments, stealthy
A: almost no armour, amphibious, 8 rings, constrict 8, camouflage 1, gelatinous
body 1
a: no special abilities


You were on level 5 of the Dungeon.
You were very hungry.

You visited 1 branch of the dungeon, and saw 5 of its levels.

You collected 228 gold pieces.

Inventory:

Hand Weapons
 b - a +0 club
 i - a +2 dagger of venom
 r - a +3 mace
 w - a +2 short sword of protection (weapon)
 B - a +2 long sword of freezing
Missiles
 d - 115 stones (quivered)
Jewellery
 j - a ring of wizardry (left tentacle)
 n - a ring of wizardry (right tentacle)
 u - an uncursed amulet of rage
 x - an amulet of clarity (around mantle)
 y - a cursed -2 ring of dexterity (on tentacle)
 A - an uncursed ring of protection from cold {unknown}
Scrolls
 e - a scroll of enchant weapon {unknown}
 f - 2 scrolls of fear {unknown}
 h - a scroll of amnesia {unknown}
 l - a scroll of fog {unknown}
 o - 3 scrolls of identify {unknown}
 p - 4 scrolls of magic mapping {unknown}
 q - 3 scrolls of blinking {unknown}
 t - 2 scrolls of teleportation {unknown}
Potions
 m - 2 potions of haste {unknown}
 s - 3 potions of curing {unknown}
 v - a potion of heal wounds {unknown}
 z - 2 potions of ambrosia {unknown}
Books
 a - a book of Minor Magic

   Spells                             Type                      Level
   a - Magic Dart                     Conjuration                  1
   b - Blink                          Translocation                2
   c - Call Imp                       Summoning                    2
   d - Repel Missiles                 Charms/Air                   2
   e - Slow                           Hexes                        2
   f - Conjure Flame                  Conjuration/Fire             3
   g - Mephitic Cloud                 Conjuration/Poison/Air       3
Comestibles
 c - 4 bread rations
 g - 7 fruits
 k - 2 beef jerkies
 C - a meat ration


   Skills:
 + Level 3.6 Fighting
 + Level 3.6 Short Blades
 + Level 3.1 Dodging
 + Level 5.6 Stealth
   Level 1.0 Shields
 - Level 2.0 Spellcasting
   Level 1.0 Conjurations
   Level 2.0 Charms
   Level 3.0 Summonings
 + Level 2.9 Evocations


You had 10 spell levels left.
You didn't know any spells.

Dungeon Overview and Level Annotations

Branches:
Dungeon (5/15)
 Temple: D:4-7

Altars:
Dithmenos
Fedhas

Annotations:
D:5 topkek's ghost, novice TrBe


Innate Abilities, Weirdness & Mutations

You cannot wear most types of armour.
You are amphibious.
You can wear up to eight rings at the same time.
You can use your tentacles to constrict eight enemies at once.
Your skin changes colour to match your surroundings (Stealth).
Your rubbery body absorbs attacks (AC +1).


Message History

Your squeeze misses topkek's ghost.
Topkek's ghost is lightly damaged.
Topkek's ghost completely misses you.
You hit topkek's ghost but do no damage.
You squeeze topkek's ghost.
Topkek's ghost is lightly damaged.
Topkek's ghost closely misses you.
You hit topkek's ghost but do no damage.
Topkek's ghost is lightly damaged.
Topkek's ghost hits you!!
Ouch! That really hurt!
* * * LOW HITPOINT WARNING * * *
You hit topkek's ghost but do no damage.
Topkek's ghost is lightly damaged.
Topkek's ghost barely misses you.
You closely miss topkek's ghost.
You squeeze topkek's ghost, but do no damage.
Topkek's ghost is lightly damaged.
Topkek's ghost hits you!
You die...

......... . ..
#.##.####.#. ..
.........>#..# .#
#.##.###..#..####.##
..##...............
...........#......#
..##........(W..o.#
..##.###...#.# #W#
...........#.# #@# #
#.##.......#.###.#.#
..##.#.............#..
..##...................
#.##.............#.#...#
..#####................#
#.# ##.#(####.........
.. ....... ..........
..................


You could see topkek's ghost and an orc.

Vanquished Creatures
  A phantom (D:4)
  A black bear (D:3)
  An ogre (D:4)
  A scorpion (D:4)
  2 wights (D:5)
  An iguana (D:4)
  2 worker ants
  11 adders
  3 gnolls (D:3)
  An ooze (D:3)
  An adder zombie (D:5)
  An adder skeleton (D:5)
  5 worms
  4 giant geckos
  3 orcs (D:4)
  4 ball pythons
  7 giant cockroaches
  5 hobgoblins
  16 jackals
  8 kobolds
  A quokka (D:3)
  8 bats
  A giant gecko zombie (D:5)
  4 giant newts
  5 goblins
  A quokka skeleton (D:4)
  6 rats
104 creatures vanquished.

Notes
Turn   | Place    | Note
--------------------------------------------------------------
     0 | D:1      | Jerry the Octopode Wanderer began the quest for the Orb.
     0 | D:1      | Jerry set off with: a book of Minor Magic, a +0 club, a bread ration
     0 | D:1      | Reached XP level 1. HP: 11/11 MP: 3/3
   147 | D:1      | Reached skill level 1 in Stealth
   437 | D:1      | Reached skill level 1 in Fighting
   437 | D:1      | Reached XP level 2. HP: 16/18 MP: 5/5
   809 | D:2      | Reached XP level 3. HP: 23/23 MP: 6/6
   868 | D:2      | Reached skill level 1 in Dodging
  1649 | D:2      | Reached XP level 4. HP: 29/29 MP: 7/7
  1660 | D:2      | Reached skill level 1 in Short Blades
  1661 | D:2      | Found a faded altar to an unknown god.
  2571 | D:3      | Reached XP level 5. HP: 34/34 MP: 8/8
  2811 | D:3      | Found a blossoming altar of Fedhas.
  2849 | D:3      | Found a shadowy altar of Dithmenos.
  3073 | D:3      | Noticed a black bear
  3081 | D:3      | Killed a black bear
  3081 | D:3      | Reached skill level 4 in Stealth
  3081 | D:3      | Reached XP level 6. HP: 12/41 MP: 9/9
  4003 | D:4      | Reached skill level 5 in Stealth
  4003 | D:4      | Reached XP level 7. HP: 13/46 MP: 10/10
  4674 | D:5      | Entered Level 5 of the Dungeon
  4718 | D:5      | Noticed topkek's ghost (novice TrBe)
  4849 | D:5      | Slain by topkek's ghost

Action                   |  1- 3 |  4- 6 |  7- 9 || total
-------------------------+-------+-------+-------++-------
Melee: Club              |    14 |       |       ||    14
       Dagger            |    36 |    86 |       ||   122
       Short sword       |       |    74 |    53 ||   127
Throw: Stone             |       |     2 |     3 ||     5
 Stab: Sleeping          |    11 |    15 |     3 ||    29
       Distracted        |     1 |       |       ||     1
  Eat: Chunk             |     1 |     8 |     2 ||    11
